 Dungeon Crawl Stone Soup version 0.19-a0-1937-g70ed36a (webtiles) character file.

209 JeffiDaFish the Chopper (level 5, -7/46 HPs)
             Began as a Hill Orc Fighter on Oct 26, 2016.
             Mangled by packetloss's ghost (19 damage)
             ... on level 3 of the Dungeon.
             The game lasted 00:06:12 (2081 turns).

JeffiDaFish the Chopper (Hill Orc Fighter)          Turns: 2081, Time: 00:06:13

Health: -7/46      AC:  9    Str: 25    XL:     5   Next: 87%
Magic:  5/5        EV:  6    Int:  8    God:
Gold:   41         SH: 10    Dex: 10    Spells: 0 memorised, 4 levels left

rFire  . . .     SeeInvis .     a - +0 war axe
rCold  . . .     Gourm    .     e - +0 chain mail
rNeg   . . .     Faith    .     c - +0 shield
rPois  .         Spirit   .     (no helmet)
rElec  .         Reflect  .     (no cloak)
rCorr  .         Harm     .     (no gloves)
MR     .....                    (no boots)
Stlth  ..........               (no amulet)
                                (no ring)
                                (no ring)

@: mighty, glowing
A: no striking features
a: no special abilities


You were on level 3 of the Dungeon.
You were not hungry.

You visited 1 branch of the dungeon, and saw 3 of its levels.

You collected 41 gold pieces.

Inventory:

Hand Weapons
 a - a +0 war axe (weapon)
Armour
 b - a +0 scale mail
 c - a +0 shield (worn)
 e - a +0 chain mail (worn)
Wands
 h - a wand of heal wounds (3/9)
Scrolls
 i - a scroll of remove curse
Potions
 l - a potion of flight
Comestibles
 f - 2 bread rations
 g - 2 chunks of flesh
 j - 2 meat rations
 k - a slice of pizza


   Skills:
 + Level 4.3 Fighting
 + Level 5.1 Axes
 + Level 4.5 Armour
 + Level 0.2 Dodging
 + Level 4.3 Shields


You had 4 spell levels left.
You didn't know any spells.

Dungeon Overview and Level Annotations

Branches:
Dungeon (3/15)

Altars:
Cheibriados
Elyvilon
Qazlal

Annotations:
D:3 packetloss's ghost, amateur HaEn


Message History

Packetloss's ghost is moderately damaged.
Packetloss's ghost shouts, "You will never get the ORB!"
Packetloss's ghost hits you. You block packetloss's ghost's attack.
You closely miss packetloss's ghost.
Packetloss's ghost is moderately damaged.
Packetloss's ghost hits you but does no damage.
You are electrocuted!
* * * LOW HITPOINT WARNING * * *
You are too injured to fight recklessly!
You are too injured to fight recklessly!
You are too injured to fight recklessly!
Packetloss's ghost whirls a spectral sling over its head.
You feel very mighty all of a sudden.
Packetloss's ghost wails, "There is no future for me!"
You block packetloss's ghost's attack.
You miss packetloss's ghost.
Packetloss's ghost is moderately damaged.
Packetloss's ghost hits you but does no damage.
You are electrocuted!
You die...

#.#.####...##
............#
####(#######.# #.# #.#
#.#######.###..#
#..............#
###....>.###..#
#####......# .. #####
#.@W...[...#
#...#######.###..†...#
#..[#....##.# #......#
#...#.##.##.#
#.........
#...#.##.##.#
#.......##
#...#.##....#
#######...
#...#(##..######## ...
#...#.##..####...# ..
#..<'........+...#


You could see packetloss's ghost.

Vanquished Creatures
  Terence (D:2)
  Natasha (twice) (D:3)
  3 gnolls (D:3)
  7 adders
  2 worms (D:2)
  A dart slug (D:2)
  2 leopard geckos (D:3)
  2 giant cockroaches (D:2)
  A hobgoblin (D:2)
  5 jackals (D:2)
  A quokka (D:3)
  A ball python (D:2)
  A bat (D:3)
  4 frilled lizards
  4 goblins
  4 kobolds (D:2)
  3 rats
44 creatures vanquished.

Notes
Turn   | Place    | Note
-------+----------+-------------------------------------------
     0 | D:1      | JeffiDaFish the Hill Orc Fighter began the quest for the Orb.
     0 | D:1      | Reached XP level 1. HP: 19/19 MP: 1/1
   128 | D:1      | You fall through a shaft!
   135 | D:2      | Reached XP level 2. HP: 11/27 MP: 2/2
   411 | D:2      | Found a white marble altar of Elyvilon.
   424 | D:2      | Reached XP level 3. HP: 27/33 MP: 3/3
   504 | D:2      | Reached skill level 3 in Axes
   653 | D:2      | Found a stormy altar of Qazlal.
   659 | D:2      | Noticed Terence
   667 | D:2      | Killed Terence
   667 | D:2      | Reached XP level 4. HP: 38/40 MP: 4/4
   683 | D:2      | Found a snail-covered altar of Cheibriados.
  1476 | D:3      | Reached skill level 4 in Axes
  1481 | D:3      | Noticed Natasha
  1488 | D:3      | Killed Natasha
  1488 | D:3      | Reached XP level 5. HP: 39/46 MP: 5/5
  1942 | D:3      | Noticed Natasha
  1950 | D:3      | Killed Natasha
  1950 | D:3      | Reached skill level 5 in Axes
  2061 | D:3      | Noticed packetloss's ghost (amateur HaEn)
  2081 | D:3      | Mangled by packetloss's ghost

Vault maps used:
D:1:      roderic_dead_forest
D:2:      old_standard_altar, cheibriados_altar_1, elyvilon_altar_5,
          uniq_terence
D:3:      grunt_temple_overflow_open, first_bread, uniq_natasha

Skill      XL: |  1  2  3  4  5 |
---------------+----------------+-----
Fighting       | 4 |  4.3
Axes           | 3 4 5 |  5.1
Armour         | 4 |  4.5
Shields        | 4 |  4.3
Dodging        | |  0.2

Action                   |  1- 3 |  4- 6 || total
-------------------------+-------+-------++-------
Melee: War axe           |    76 |   102 ||   178
  Use: Scroll            |     1 |     2 ||     3
       Potion            |     1 |     2 ||     3
  Eat: Chunk             |       |     4 ||     4
Armor: Scale mail        |    49 |    12 ||    61
       Chain mail        |       |    52 ||    52
Dodge: Dodged            |    30 |    28 ||    58
Block: Shield            |    55 |    45 ||   100
